[ AOE2 MATCH · #495985614 ]
UnrankedSpanish vs Shu
Player's team · LOSS
Rival team · WIN
[ REPLAY ANALYSIS · EXTRACTED FROM THE RECORDED GAME ]
Feudal
12:03
Castle
18:55
Imperial
—
| APM avg | 38.5 |
| APM peak | 80 |
| eAPM avg | 18.8 |
| Villagers / military | 29 / 3 |
Focus
⚔️ 36.5% · 🌾 63.5%
Conquistador ×3
Feudal
9:27
Castle
20:23
Imperial
—
| APM avg | 33.5 |
| APM peak | 56 |
| eAPM avg | 20.0 |
| Villagers / military | 48 / 28 |
Focus
⚔️ 32.8% · 🌾 67.2%
Archer ×23 · Militia ×4 · Monk ×1
Match map
Initial resources + every placement click. Lines = walls · curves = elevation contours. ◆ gold · ⬟ stone · ● berries · ✦ relic · ◌ wall gap
Your base· Open — 4t gap
Saloon_F_F's base· Open — 7t gap
Smoothed initial terrain · ◌ = detected wall gap · hover for details
Inputs per minute
— Crowley - - Saloon_F_F
Build order — Crowley
93 actions detected in the replay
| 0:02 | Create | Villager (Male) |
| 0:02 | Create | Villager (Male) |
| 0:04 | Build | House |
| 0:05 | Build | House |
| 0:21 | Create | Villager (Male) |
| 0:22 | Create | Villager (Male) |
| 1:27 | Create | Villager (Male) |
| 1:27 | Create | Villager (Male) |
| 2:03 | Create | Villager (Male) |
| 2:42 | Build | Lumber Camp |
| 2:48 | Create | Villager (Male) |
| 2:48 | Create | Villager (Male) |
| 3:00 | Create | Villager (Male) |
| 3:35 | Create | Villager (Male) |
| 3:41 | Create | Villager (Male) |
| 4:01 | Create | Villager (Male) |
| 4:14 | Build | House |
| 4:17 | Build | House |
| 4:57 | Create | Villager (Male) |
| 5:19 | Create | Villager (Male) |
| 5:27 | Create | Villager (Male) |
| 5:44 | Build | Mining Camp |
| 5:47 | Create | Villager (Male) |
| 6:00 | Create | Villager (Male) |
| 6:22 | Build | Palisade Wall |
| 6:24 | Build | Palisade Wall |
| 6:25 | Create | Villager (Male) |
| 6:41 | Build | Palisade Wall |
| 6:42 | Build | Palisade Wall |
| 6:43 | Create | Villager (Male) |
| 6:49 | Build | Palisade Wall |
| 6:58 | Create | Villager (Male) |
| 7:04 | Build | Palisade Wall |
| 7:12 | Create | Villager (Male) |
| 7:24 | Create | Villager (Male) |
| 7:31 | Build | Palisade Wall |
| 7:34 | Create | Villager (Male) |
| 7:49 | Build | Palisade Wall |
| 8:09 | Create | Villager (Male) |
| 8:22 | Build | Mill |
| 8:40 | Build | House |
| 8:44 | Build | Palisade Wall |
| 9:04 | Build | Palisade Wall |
| 9:08 | Build | Palisade Wall |
| 9:18 | Research | Loom |
| 9:36 | Build | Palisade Wall |
| 9:45 | Research | Feudal Age |
| 10:16 | Build | Palisade Wall |
| 10:27 | Build | Palisade Gate |
| 10:32 | Build | House |
| 10:33 | Build | House |
| 10:42 | Build | Palisade Wall |
| 10:44 | Build | Palisade Wall |
| 11:21 | Build | House |
| 11:23 | Build | Palisade Wall |
| 11:28 | Build | House |
| 11:33 | Build | House |
| 11:38 | Build | Palisade Wall |
| 12:03 | Age | Feudal Age |
| 12:05 | Create | Villager (Male) |
| 12:16 | Build | Blacksmith |
| 12:26 | Build | Stone Wall |
| 12:59 | Build | Stone Wall |
| 13:04 | Create | Villager (Male) |
| 13:23 | Build | Palisade Wall |
| 13:26 | Build | Stone Wall |
| 13:30 | Build | Stone Wall |
| 13:46 | Build | Market |
| 13:49 | Build | Stone Wall |
| 13:50 | Build | Stone Wall |
| 13:53 | Build | Stone Wall |
| 14:25 | Build | Watch Tower |
| 14:44 | Build | House |
| 15:07 | Build | Watch Tower |
| 15:52 | Build | Palisade Wall |
| 15:57 | Build | Palisade Wall |
| 16:15 | Research | Castle Age |
| 16:55 | Build | Stone Wall |
| 17:36 | Research | Fletching |
| 18:53 | Research | Padded Archer Armor |
| 18:55 | Age | Castle Age |
| 19:28 | Build | Castle |
| 19:46 | Build | Castle |
| 20:17 | Build | House |
| 20:31 | Build | Mining Camp |
| 20:46 | Create | Conquistador |
| 21:03 | Create | Villager (Male) |
| 21:06 | Build | Farm |
| 21:07 | Build | Farm |
| 21:35 | Create | Conquistador |
| 21:35 | Create | Conquistador |
| 22:17 | Build | Palisade Wall |
| 22:31 | Create | Villager (Male) |
Build order — Saloon_F_F
131 actions detected in the replay
| 0:01 | Create | Villager (Male) |
| 0:02 | Build | House |
| 0:04 | Build | House |
| 0:16 | Create | Villager (Male) |
| 0:16 | Create | Villager (Male) |
| 0:17 | Create | Villager (Male) |
| 1:18 | Create | Villager (Male) |
| 1:49 | Create | Villager (Male) |
| 1:56 | Build | Lumber Camp |
| 2:32 | Create | Villager (Male) |
| 2:32 | Create | Villager (Male) |
| 3:21 | Create | Villager (Male) |
| 3:35 | Build | House |
| 3:48 | Create | Villager (Male) |
| 4:03 | Build | House |
| 4:14 | Create | Villager (Male) |
| 4:42 | Create | Villager (Male) |
| 5:02 | Create | Villager (Male) |
| 5:31 | Create | Villager (Male) |
| 5:49 | Create | Villager (Male) |
| 6:03 | Build | Barracks |
| 6:17 | Build | Barracks |
| 6:23 | Create | Villager (Male) |
| 6:30 | Build | Mill |
| 6:48 | Create | Villager (Male) |
| 7:05 | Build | House |
| 7:17 | Research | Feudal Age |
| 7:35 | Create | Militia |
| 7:41 | Build | Mining Camp |
| 7:50 | Create | Militia |
| 7:58 | Build | Palisade Wall |
| 7:59 | Build | Palisade Wall |
| 8:00 | Build | Palisade Wall |
| 8:01 | Build | Palisade Wall |
| 8:04 | Build | Palisade Wall |
| 8:18 | Create | Militia |
| 9:03 | Research | Loom |
| 9:27 | Age | Feudal Age |
| 9:28 | Research | Man-at-Arms (upgrade) |
| 9:32 | Build | Archery Range |
| 9:36 | Create | Villager (Male) |
| 9:39 | Research | Double-Bit Axe |
| 9:45 | Create | Villager (Male) |
| 10:04 | Build | Palisade Wall |
| 10:20 | Create | Villager (Male) |
| 10:41 | Create | Villager (Male) |
| 10:43 | Create | Archer |
| 10:50 | Create | Villager (Male) |
| 10:53 | Create | Archer |
| 10:59 | Build | Blacksmith |
| 11:00 | Build | Palisade Wall |
| 11:00 | Build | Palisade Wall |
| 11:01 | Build | Palisade Wall |
| 11:01 | Build | Palisade Wall |
| 11:04 | Create | Villager (Male) |
| 11:12 | Create | Villager (Male) |
| 11:21 | Create | Villager (Male) |
| 11:22 | Create | Archer |
| 11:34 | Create | Villager (Male) |
| 11:38 | Create | Archer |
| 11:54 | Research | Fletching |
| 11:57 | Create | Villager (Male) |
| 12:01 | Build | House |
| 12:09 | Create | Villager (Male) |
| 12:16 | Create | Archer |
| 12:20 | Build | Archery Range |
| 12:31 | Create | Villager (Male) |
| 12:44 | Create | Villager (Male) |
| 12:48 | Build | House |
| 12:59 | Create | Villager (Male) |
| 13:02 | Create | Militia |
| 13:17 | Build | House |
| 13:36 | Create | Villager (Male) |
| 13:44 | Create | Archer |
| 13:45 | Create | Archer |
| 13:47 | Create | Villager (Male) |
| 13:52 | Build | House |
| 13:53 | Build | House |
| 14:09 | Build | Mill |
| 14:11 | Create | Villager (Male) |
| 14:25 | Create | Villager (Male) |
| 14:40 | Research | Wheelbarrow |
| 14:43 | Create | Archer |
| 14:43 | Create | Archer |
| 15:08 | Create | Villager (Male) |
| 15:12 | Build | House |
| 15:23 | Create | Villager (Male) |
| 15:31 | Research | Arson |
| 15:33 | Create | Villager (Male) |
| 15:42 | Create | Archer |
| 15:42 | Create | Archer |
| 15:43 | Create | Villager (Male) |
| 15:46 | Build | House |
| 16:19 | Build | Market |
| 16:42 | Create | Villager (Male) |
| 17:02 | Research | Forging |
| 17:33 | Create | Villager (Male) |
| 17:43 | Research | Castle Age |
| 18:06 | Research | Gold Mining |
| 18:17 | Build | House |
| 18:19 | Build | House |
| 20:17 | Create | Archer |
| 20:17 | Create | Archer |
| 20:23 | Age | Castle Age |
| 20:28 | Research | Bodkin Arrow |
| 20:31 | Build | Monastery |
| 20:33 | Build | Town Center |
| 20:41 | Build | Lumber Camp |
| 20:45 | Create | Archer |
| 20:45 | Create | Archer |
| 20:46 | Create | Archer |
| 20:47 | Research | Crossbowman (upgrade) |
| 20:53 | Research | Town Watch |
| 21:00 | Create | Monk |
| 21:20 | Create | Villager (Male) |
| 21:20 | Create | Villager (Male) |
| 21:27 | Create | Archer |
| 21:27 | Create | Archer |
| 21:28 | Create | Villager (Male) |
| 21:59 | Create | Villager (Male) |
| 21:59 | Create | Villager (Male) |
| 22:05 | Build | Farm |
| 22:06 | Build | Farm |
| 22:14 | Create | Archer |
| 22:15 | Create | Archer |
| 22:15 | Create | Archer |
| 22:20 | Create | Archer |
| 22:20 | Create | Archer |
| 22:26 | Create | Villager (Male) |
| 22:37 | Create | Villager (Male) |
| 22:40 | Build | Farm |
Match timeline
| 6:03 | Saloon_F_F · first_building Barracks |
| 6:22 | Crowley · wall_segment Palisade Wall x13 |
| 6:24 | Crowley · wall_segment Palisade Wall x14 |
| 6:41 | Crowley · wall_segment Palisade Wall x8 |
| 6:42 | Crowley · wall_segment Palisade Wall x1 |
| 6:49 | Crowley · wall_segment Palisade Wall x9 |
| 7:04 | Crowley · wall_segment Palisade Wall x8 |
| 7:31 | Crowley · wall_segment Palisade Wall x1 |
| 7:49 | Crowley · wall_segment Palisade Wall x1 |
| 7:58 | Saloon_F_F · wall_segment Palisade Wall x1 |
| 7:59 | Saloon_F_F · wall_segment Palisade Wall x1 |
| 8:00 | Saloon_F_F · wall_segment Palisade Wall x1 |
| 8:01 | Saloon_F_F · wall_segment Palisade Wall x1 |
| 8:04 | Saloon_F_F · wall_segment Palisade Wall x1 |
| 8:44 | Crowley · wall_segment Palisade Wall x6 |
| 9:04 | Crowley · wall_segment Palisade Wall x21 |
| 9:08 | Crowley · wall_segment Palisade Wall x1 |
| 9:27 | Saloon_F_F · age_up feudal |
| 9:32 | Saloon_F_F · first_building Archery Range |
| 9:36 | Crowley · wall_segment Palisade Wall x14 |
| 10:04 | Saloon_F_F · wall_segment Palisade Wall x1 |
| 10:16 | Crowley · wall_segment Palisade Wall x3 |
| 10:42 | Crowley · wall_segment Palisade Wall x1 |
| 10:44 | Crowley · wall_segment Palisade Wall x1 |
| 11:00 | Saloon_F_F · wall_segment Palisade Wall x1 |
| 11:00 | Saloon_F_F · wall_segment Palisade Wall x1 |
| 11:01 | Saloon_F_F · wall_segment Palisade Wall x1 |
| 11:01 | Saloon_F_F · wall_segment Palisade Wall x1 |
| 11:23 | Crowley · wall_segment Palisade Wall x1 |
| 11:38 | Crowley · wall_segment Palisade Wall x1 |
| 12:03 | Crowley · age_up feudal |
| 12:26 | Crowley · wall_segment Stone Wall x1 |
| 12:59 | Crowley · wall_segment Stone Wall x1 |
| 13:23 | Crowley · wall_segment Palisade Wall x1 |
| 13:26 | Crowley · wall_segment Stone Wall x1 |
| 13:30 | Crowley · wall_segment Stone Wall x1 |
| 13:49 | Crowley · wall_segment Stone Wall x2 |
| 13:50 | Crowley · wall_segment Stone Wall x1 |
| 13:53 | Crowley · wall_segment Stone Wall x1 |
| 15:52 | Crowley · wall_segment Palisade Wall x8 |
| 15:57 | Crowley · wall_segment Palisade Wall x7 |
| 16:07 | Crowley · first_market_sell 100 food |
| 16:13 | Crowley · first_market_buy 100 food |
| 16:55 | Crowley · wall_segment Stone Wall x5 |
| 17:36 | Saloon_F_F · first_market_sell 100 wood |
| 17:37 | Saloon_F_F · first_market_buy 100 food |
| 18:55 | Crowley · age_up castle |
| 19:28 | Crowley · first_building Castle |
| 20:23 | Saloon_F_F · age_up castle |
| 20:31 | Saloon_F_F · first_building Monastery |
| 22:17 | Crowley · wall_segment Palisade Wall x1 |
| 22:44 | Crowley · resign |
[ AI ANALYSIS · 1 CREDIT ]
What really happened in this match?
Wolo.gg analyzes every decision: build order, eco, micro, common mistakes by bracket. Personalized analysis on WhatsApp or Discord in 30 seconds.
Civ guide
Spanish
Perfil
Jugador #11602153